 Dungeon Crawl Stone Soup version 0.21.0-3-g78d12a8 (webtiles) character file.

573051 Mgcat the Shatterer (level 27, -1/184 HPs)
             Began as a Gargoyle Fighter on Jan 16, 2018.
             Slain by a death cob (13 damage)
             ... on level 3 of the Realm of Zot.
             The game lasted 04:13:18 (68812 turns).

Mgcat the Shatterer (Gargoyle Fighter)             Turns: 68812, Time: 04:13:19

Health: -1/184     AC: 47    Str: 23    XL:     27
Magic:  0/33       EV: 18    Int: 13    God:    Xom [..*...]
Gold:   5631       SH: 13    Dex: 20    Spells: 36/46 levels left

rFire    + + +     SeeInvis +   G - +11 flail of Lisomid {drain, *Drain rF++ Dex+3}
rCold    + + +     Gourm    .   W - +1 buckler {rN+}
rNeg     + + +     Faith    .   Q - +9 ice dragon scales
rPois    ∞         Spirit   +   c - +2 hat of the Bear Spirit {Spirit, +Rage rN+ MR++}
rElec    +         Reflect  .   O - scarf {rC+ rF+}
rCorr    .         Harm     .   (no gloves)
MR       +++++                  (no boots)
Stlth    ..........             U - amulet "Hero's Friend" {+Rage SInv}
HPRegen  0.40/turn              A - ring of Sanilurch {rF+ MR+ Slay+2}
MPRegen  0.23/turn              V - ring of Dace {MR+ Slay+3}

@: about to teleport, singing, flying, very slightly contaminated, slowed, very
slow
A: big wings, talons 1, icy blue scales 1, large bone plates 1, see invisible,
clever 1, deformed body, fire resistance 1, low mp 1, mutation resistance 1,
negative energy resistance 1, electricity resistance, wild magic 1, unbreathing,
petrification resistance, rot immunity, AC +20
}: 3/15 runes: decaying, serpentine, abyssal
a: Stop Flying, Renounce Religion, Evoke Berserk Rage


You were on level 3 of the Realm of Zot.
You worshipped Xom.
You were a toy of Xom.
You were very hungry.

You visited 10 branches of the dungeon, and saw 46 of its levels.
You visited the Abyss 2 times.

You collected 5886 gold pieces.
You spent 255 gold pieces at shops.

Inventory:

Hand Weapons
 k - a +1 sacred scourge of holy wrath
 G - the +11 flail of Lisomid (weapon) {drain, *Drain rF++ Dex+3}
   (You found it on level 7 of the Dungeon)

   A truly terrible weapon, it drains the life of those it strikes.
   It affects your dexterity (+3).
   It greatly protects you from fire.
   It causes draining when unequipped.
Armour
 c - the +2 hat of the Bear Spirit (worn) {Spirit, +Rage rN+ MR++}
   (You found it on level 2 of the Lair of Beasts)

   It protects you from negative energy.
   It affects your resistance to hostile enchantments.
   It lets you go berserk.
 n - a +3 shield of cold resistance
 O - a scarf of resistance (worn)
 Q - +9 ice dragon scales (worn)
 W - a +1 buckler of positive energy (worn)
Jewellery
 j - an uncursed ring of resist corrosion
 m - a +2 ring of dexterity {unknown}
 A - the ring of Sanilurch (left hand) {rF+ MR+ Slay+2}
   (You took it off a yaktaur on level 2 of the Depths)

   [ring of protection from magic]

   It affects your accuracy and damage with ranged weapons and melee attacks
   (+2).
   It protects you from fire.
   It affects your resistance to hostile enchantments.
 U - the amulet "Hero's Friend" (around neck) {+Rage SInv}
   (You took it off an ogre mage on level 1 of the Depths)

   [amulet of rage]

   It lets you see invisible.
   It lets you go berserk.
 V - the ring of Dace (right hand) {MR+ Slay+3}
   (You found it on level 1 of the Lair of Beasts)

   [ring of slaying]

   It affects your accuracy and damage with ranged weapons and melee attacks
   (+3).
   It affects your resistance to hostile enchantments.
Wands
 q - a wand of acid (46)
 z - a wand of iceblast (52)
 D - a wand of scattershot (15)
 H - a wand of clouds (26)
 M - a wand of digging (45)
Scrolls
 a - 5 scrolls of fear
 b - 6 scrolls of fog
 g - 3 scrolls of silence
 i - 35 scrolls of identify
 l - 2 scrolls of summoning
 o - 4 scrolls of blinking
 p - 6 scrolls of enchant weapon
 s - 6 scrolls of magic mapping
 t - 13 scrolls of teleportation
 w - 20 scrolls of remove curse
 x - 4 scrolls of immolation
Potions
 d - a potion of berserk rage
 h - 15 potions of curing
 r - 4 potions of haste
 u - 4 potions of agility
 E - 2 potions of invisibility
 K - 4 potions of might
 P - 4 potions of magic
 T - 5 potions of cancellation
Miscellaneous
 R - 2 phantom mirrors
 S - a phial of floods
Comestibles
 f - 52 rations


   Skills:
 + Level 21.8 Fighting
 + Level 23.7 Maces & Flails
 + Level 21.7 Armour
 + Level 10.9 Dodging
 + Level 11.8 Shields
 - Level 10.0 Spellcasting
 - Level 10.0 Charms
 + Level 9.8 Necromancy
 + Level 12.0 Evocations


You had 36 spell levels left.
You knew the following spells:

 Your Spells              Type           Power        Failure   Level  Hunger
a - Shroud of Golubria    Chrm/Tloc      ####......   7%          2    None
b - Swiftness             Chrm/Air       ####....     7%          2    None
c - Infusion              Chrm           ####         1%          1    None
d - Song of Slaying       Chrm           #####...     1%          2    None
e - Regeneration          Chrm/Necr      #####.....   2%          3    #......


Dungeon Overview and Level Annotations

Branches:
Dungeon (15/15)            Temple (1/1) D:4            Lair (6/6) D:10
  Swamp (4/4) Lair:3        Snake (4/4) Lair:2        Slime (0/5) Lair:5
    Orc (2/2) D:11            Elf (2/3) Orc:2        Vaults (4/5) D:14
 Depths (5/5)                 Zot (3/5) Depths:5
  Crypt: Vaults:2-3

Altars:
Ashenzari
Cheibriados
Dithmenos
Elyvilon
Fedhas
Gozag
Hepliaklqana
Kikubaaqudgha
Makhleb
Nemelex Xobeh
Okawaru
Qazlal
Ru
Sif Muna
Trog
Uskayaw
Vehumet
Wu Jian
Xom
Yredelemnul
Zin
The Shining One
Beogh
Jiyva

Shops:
Orc:2 (}**   Elf:1 =   Snake:1 =

Portals:
Hell: Depths:1 Depths:2 Depths:3 Depths:4 Depths:5
Abyss: Depths:1 Depths:4 Depths:5
Pandemonium: Depths:3 Depths:4 Depths:5
Ziggurat: Depths:3
Trove: Depths:4 (give +6 fire dragon scales)

Annotations:
Lair:4 exclusion: 4 oklob plants
Snake:2 1 transporter
Vaults:2 Mara


Innate Abilities, Weirdness & Mutations

You are resistant to torment.
Your stone body is resilient. (AC +20)
You are immune to poison.
Your large and strong wings let you fly indefinitely.
You resist negative energy. (rN+)
You are resistant to electric shocks. (rElec)
You can survive without breathing.
You are immune to petrification.
You are immune to rotting.
You have sharp toenails.
You are partially covered in icy blue scales. (AC +2)
You are partially covered in large bone plates. (SH +4)
You have supernaturally acute eyesight. (SInv)
Your mind is acute. (Int +2)
Armour fits poorly on your strangely shaped body.
Your flesh is heat resistant. (rF+)
Your magical capacity is low. (-10% MP)
You are somewhat resistant to further mutation.
Your spells are a little harder to cast, but a little more powerful.


Message History

The bolt of negative energy hits the shadow dragon.
The shadow dragon completely resists.
The storm dragon bites you but does no damage.
The storm dragon claws you but does no damage.
The storm dragon closely misses you.
The shadow dragon breathes negative energy at you.
The bolt of negative energy misses you.
The bolt of negative energy hits the shadow dragon.
The shadow dragon completely resists.
Your rat closely misses the death cob.
The storm dragon bites you!
* * * LOW HITPOINT WARNING * * *
The storm dragon claws you but does no damage.
The storm dragon barely misses you.
The red draconian hits you but does no damage.
The yellow draconian scorcher moves out of view.
The quicksilver dragon bites you but does no damage.
The quicksilver dragon claws you but does no damage.
The death cob hits you!
You die...
Xom guffaws!

, * ,,* , , , , *
....#...... , ,##
.#...=...#, , .
*..,.......$..*
..##. ,......... , *
......,........#*
,*, ......##p..§§..#
, , ......DDD§§§§...
,
,,*#....yd@§§§§§...,
,,,##....zDD§§§§..#
* ,
.....r.....§§.##*
*,................,,
* ............q... ,
#........####..?,
##....#..#< ,..#
##...##.#***,.#* * *
, , ,


You could see a Killer Klown, 2 shadow dragons, 2 storm dragons, a red draconian
(berserk), a death cob, a quicksilver dragon (berserk), a purple draconian
scorcher, a moth of wrath and a friendly rat.

Vanquished Creatures
  3 juggernauts
  Sojobo (Depths:3)
  Vashnia (Snake:2)
  8 caustic shrikes (Depths:5)
  4 golden dragons
  the Enchantress (Depths:2)
  Jory (Depths:4)
  A bone dragon (Abyss:1)
  Rupert (Lair:4)
  6 liches
  A deep elf blademaster (Elf:2)
  3 tentacled monstrosities
  Asterion (Depths:1)
  A titan (Depths:2)
  A quicksilver dragon (shapeshifter) (Depths:5)
  3 quicksilver dragons
  2 death cobs
  11 tentacled starspawn
  6 sphinxes
  2 thorn hunters
  Kirke (D:15)
  4 shadow dragons
  4 tengu reavers
  Roxanne (D:15)
  Agnes (Snake:2)
  Donald (Snake:1)
  5 storm dragons
  8 fire giants
  2 iron dragons
  16 nagarajas
  16 frost giants
  6 vault wardens
  A draconian scorcher (Abyss:1)
  A deep elf sorcerer (Elf:1)
  5 ghost moths
  Aizul (Swamp:2)
  An orc warlord (Orc:1)
  A deep elf elementalist (Depths:4)
  2 angels
  2 balrugs
  5 spriggan defenders
  A draconian annihilator (Depths:5)
  21 very ugly things
  2 draconian stormcallers
  10 ironheart preservers
  2 reapers
  The ghost of Pawles22 the Thaumaturge, a journeyman GnSk of Okawaru (Lair:5)
  An entropy weaver (Vaults:3)
  22 stone giants
  4 green draconians (Zot:2)
  A deep elf demonologist (Abyss:1)
  2 ophanim (Abyss:3)
  10 vampire knights
  A black draconian (Depths:5)
  A lorocyproca (Abyss:2)
  3 dire elephants
  A purple draconian (Depths:5)
  5 spark wasps (Depths:2)
  2 red draconians (Zot:2)
  2 white draconians
  4 yellow draconians
  An eidolon (Abyss:1)
  16 ettins
  3 jiangshi (Depths:5)
  3 deep elf death magi
  A green death (Abyss:3)
  11 yaktaur captains
  18 great orbs of eyes
  Fannar (Orc:1)
  14 vault guards
  26 naga warriors
  18 ice dragons
  13 fire dragons
  7 rakshasas
  Erica (D:8)
  15 hydras
  A merfolk avatar (Lair:6)
  2 catoblepae
  14 ogre magi
  8 spriggan air magi
  13 anacondas
  7 alligators
  13 centaur warriors
  23 two-headed ogres
  An alligator snapping turtle (shapeshifter) (Depths:2)
  A hell hog (Abyss:2)
  3 death knights
  11 deep troll earth magi
  24 dancing weapons
  14 deep troll shamans
  9 thrashing horrors
  2 shock serpents (shapeshifter)
  9 orc high priests
  Urug (Orc:1)
  25 naga sharpshooters
  5 tengu warriors
  8 hell knights
  5 shock serpents
  7 vampire magi
  7 spriggan berserkers
  9 spriggans
  13 deep elf knights
  9 wretched stars
  2 salamander mystics
  A sixfirhy (Abyss:3)
  2 fire crabs (Lair:2)
  18 deep trolls
  A spatial maelstrom (Abyss:3)
  2 cherubim (Abyss:3)
  9 shadow wraiths
  An iron troll (Depths:5)
  5 glowing orange brains
  A spriggan druid (Swamp:4)
  An unseen horror (shapeshifter) (Abyss:3)
  A death drake (shapeshifter) (Vaults:3)
  A shadow demon (Abyss:1)
  5 unseen horrors
  13 deep elf archers
  17 naga ritualists
  10 swamp dragons
  7 flayed ghosts
  10 wizards
  4 ironbrand convokers
  2 shambling mangroves (Swamp:1)
  6 necromancers
  9 orc knights
  8 phantasmal warriors
  16 mana vipers
  2 wolf spider zombies
  19 ugly things
  A wolf spider (Vaults:2)
  5 harpies
  A shadow dragon skeleton (Abyss:3)
  3 orc sorcerers
  48 deep elf magi
  6 oklob plants
  13 salamanders
  3 worldbinders (Abyss:3)
  2 manticores
  2 manticores (shapeshifter)
  A moth of wrath (shapeshifter) (Depths:4)
  A cyclops (shapeshifter) (Lair:5)
  7 moths of wrath
  5 cyclopes
  7 vault sentinels
  A guardian serpent (shapeshifter) (Depths:1)
  9 elephants (Lair:6)
  Joseph (D:8)
  46 black mambas
  11 guardian serpents
  2 rust devils
  An eye of devastation (Depths:2)
  20 naga magi
  A water nymph (shapeshifter) (Depths:2)
  4 apocalypse crabs
  4 orange demons
  11 smoke demons
  A gargoyle (D:15)
  Psyche (D:8)
  19 spiny frogs
  4 rime drakes
  A dire elephant skeleton (Abyss:1)
  3 efreet
  2 rime drakes (shapeshifter)
  5 freezing wraiths
  A komodo dragon (shapeshifter) (D:12)
  27 yaktaurs
  2 demonic crawlers (Abyss:2)
  4 hellwings
  3 ice devils
  13 komodo dragons
  A yaktaur (shapeshifter) (Elf:2)
  6 ancient zymes
  6 meliai (D:15)
  A silent spectre (Abyss:3)
  7 trolls
  2 meliai (shapeshifter)
  12 polar bears
  5 tengu conjurers
  A hydra zombie (Abyss:3)
  A harpy zombie (D:15)
  A wind drake (Lair:6)
  A queen bee (shapeshifter) (Vaults:3)
  2 jumping spiders (shapeshifter)
  13 hornets
  Grinder (D:5)
  A jumping spider (Vaults:3)
  19 blink frogs
  4 tyrant leeches
  37 slime creatures
  24 raiju
  12 dream sheep
  13 bog bodies
  7 hippogriffs
  20 large abominations
  A flying skull (Abyss:3)
  A meliai zombie (D:11)
  Sigmund (D:5)
  A redback (Vaults:3)
  A spriggan (shapeshifter) (Depths:2)
  7 ynoxinuls
  18 shadows
  3 air elementals
  A fire bat (Abyss:3)
  A tarantella (Vaults:3)
  4 wyverns
  3 fire elementals
  14 wraiths
  6 humans
  3 fire bats (shapeshifter)
  Grum (D:8)
  4 hogs
  11 golden eyes
  A yak (shapeshifter) (Depths:5)
  56 yaks
  7 basilisks
  9 chaos spawn
  A golden eye (shapeshifter) (Depths:2)
  30 vampire mosquitoes
  A yaktaur simulacrum (Vaults:3)
  9 neqoxecs
  A steam dragon (D:11)
  A human simulacrum (Vaults:1)
  19 swamp worms
  7 wargs
  14 insubstantial wisps
  A soldier ant (D:14)
  71 nagas
  12 water moccasins
  An acid dragon (D:13)
  A hell hound (Lair:2)
  12 porcupines
  2 floating eyes (Depths:3)
  2 sky beasts
  22 small abominations
  11 swamp drakes
  3 ice beasts
  32 orc warriors
  A black bear (D:11)
  55 starcursed masses
  14 ogres
  17 wolves
  An eye of draining (Abyss:3)
  A necrophage (D:7)
  14 centaurs
  7 boggarts
  12 crocodiles
  10 bullfrogs
  2 gnoll sergeants
  2 big kobolds
  An ogre simulacrum (Vaults:1)
  An earth elemental (Elf:1)
  A scorpion (D:12)
  A water moccasin skeleton (D:10)
  3 killer bees (D:7)
  9 electric eels
  3 wights (D:8)
  2 howler monkeys
  11 crimson imps
  4 hounds
  3 jellies
  9 quasits
  2 centaur skeletons
  5 centaur zombies
  43 orc priests
  3 bullfrog zombies
  Crazy Yiuf (D:5)
  A bullfrog skeleton (D:13)
  15 orc wizards
  5 iguanas
  3 iron imps
  Jessica (D:2)
  2 polar bear simulacra (D:12)
  10 worker ants
  3 wolf simulacra (D:12)
  3 yak simulacra (D:12)
  2 hound skeletons (D:7)
  Robin (D:2)
  8 gnolls
  A worker ant zombie (D:8)
  10 adders
  2 shadow imps (Depths:5)
  2 white imps (Vaults:1)
  3 ufetubi
  2 worms
  2 dart slugs
  8 leopard geckos
  105 orcs
  3 ball pythons
  3 bats
  9 giant cockroaches
  13 goblins
  4 hobgoblins
  6 jackals
  18 kobolds
  9 quokkas
  5 frilled lizards
  2 rats
  3 river rat simulacra (D:12)
  7 plants
  10 starspawn tentacles
2228 creatures vanquished.

Vanquished Creatures (collateral kills)
  Margery (Depths:3)
  the Lernaean hydra (Swamp:4)
  A lich (Depths:3)
  Frances (Snake:2)
  A thorn hunter (Swamp:1)
  2 nagarajas (Snake:4)
  2 fire giants
  A vault warden (Vaults:1)
  A very ugly thing (Depths:3)
  A vampire knight (Depths:5)
  A yaktaur captain (Vaults:1)
  A ghost crab (Swamp:2)
  A hydra (Swamp:4)
  A spriggan air mage (Depths:3)
  A two-headed ogre (Vaults:1)
  A naga sharpshooter (Snake:4)
  A deep troll (Vaults:3)
  A deep elf mage (Vaults:3)
  A wolf spider (Vaults:3)
  4 ugly things (Vaults:3)
  3 dream sheep (Lair:5)
  A yak (Lair:2)
  A hog (D:7)
  A swamp worm (Swamp:3)
  A swamp drake (Swamp:4)
  A wolf (Lair:2)
  A killer bee (D:7)
  An orc priest (Orc:2)
  6 orcs
41 creatures vanquished.

Vanquished Creatures (others)
  A draconian stormcaller (Abyss:3)
  4 starcursed masses
  2 ettins
  Josephine (D:10)
  A centaur warrior (Depths:1)
  An ogre mage (Depths:2)
  A dancing weapon (Depths:2)
  A deep troll shaman (Depths:2)
  A deep troll earth mage (Depths:5)
  A deep elf knight (Elf:1)
  A wizard (Depths:1)
  A naga ritualist (Snake:4)
  A necromancer (Depths:2)
  A moth of wrath (Zot:2)
  2 blink frogs (Abyss:3)
  A wraith (D:10)
  5 humans (D:15)
  An electric eel (D:11)
  An orc wizard (D:14)
  A small abomination (Abyss:3)
  A white imp (Abyss:3)
  An orc (Orc:2)
  3 briar patches
  A bush (Swamp:4)
  12 fungi (Swamp:4)
  36 plants
  27 starspawn tentacles
110 creatures vanquished.

Grand Total: 2379 creatures vanquished

Notes
Turn   | Place    | Note
-------+----------+-------------------------------------------
     0 | D:1      | Mgcat the Gargoyle Fighter began the quest for the Orb.
     0 | D:1      | Reached XP level 1. HP: 14/14 MP: 1/1
   301 | D:1      | Reached XP level 2. HP: 19/19 MP: 2/2
   581 | D:1      | Reached skill level 3 in Maces & Flails
  1053 | D:2      | Found a stormy altar of Qazlal.
  1085 | D:2      | Noticed Robin
  1093 | D:2      | Killed Robin
  1093 | D:2      | Reached XP level 3. HP: 23/23 MP: 3/3
  1222 | D:2      | Noticed Jessica
  1233 | D:2      | Killed Jessica
  1233 | D:2      | Reached skill level 4 in Maces & Flails
  1233 | D:2      | Reached XP level 4. HP: 9/28 MP: 4/4
  1555 | D:2      | Found a radiant altar of Vehumet.
  2366 | D:3      | Reached skill level 5 in Maces & Flails
  2366 | D:3      | Reached XP level 5. HP: 26/32 MP: 5/5
  2440 | D:3      | Found a transporter.
  2536 | D:3      | Found a transporter.
  2997 | D:4      | Reached skill level 6 in Maces & Flails
  2997 | D:4      | Reached XP level 6. HP: 37/37 MP: 6/6
  3061 | D:4      | Found a sparkling altar of Nemelex Xobeh.
  3068 | D:4      | Found a hide-covered altar of Uskayaw.
  3188 | D:4      | Found a staircase to the Ecumenical Temple.
  3198 | D:4      | Found a bloodstained altar of Trog.
  3208 | Temple   | Entered the Ecumenical Temple
  3552 | Temple   | Became a worshipper of Xom the Elder Chaos God
  3879 | D:5      | Entered Level 5 of the Dungeon
  3891 | D:5      | XOM: harmless Chrm miscast
  3895 | D:5      | XOM: potion effect (brilliance)
  3906 | D:5      | Noticed Sigmund
  3910 | D:5      | Reached skill level 7 in Maces & Flails
  4002 | D:4      | XOM: divination: magic mapping
  4093 | D:5      | XOM: 6-stop teleportation journey
  4215 | D:5      | Killed Sigmund
  4215 | D:5      | Reached XP level 7. HP: 38/41 MP: 7/7
  4361 | D:5      | Noticed Grinder
  4364 | D:5      | XOM: polymorph Grinder -> Grinder
  4370 | D:5      | XOM: summons 2 friendly demons
  4372 | D:5      | Killed Grinder
  4372 | D:5      | Reached skill level 8 in Maces & Flails
  4484 | D:5      | XOM: 3-stop teleportation journey
  4605 | D:5      | XOM: harmless Chrm miscast
  4698 | D:5      | XOM: cloud trail
  4804 | D:5      | Found a runed door.
  4808 | D:5      | Noticed Crazy Yiuf
  4815 | D:5      | XOM: confusion (+ monsters)
  4833 | D:5      | Killed Crazy Yiuf
  4916 | D:5      | XOM: confuse monster(s)
  4954 | D:5      | XOM: harmless Pois miscast
  5158 | D:5      | Found a hazy altar of Hepliaklqana.
  5192 | D:6      | Reached skill level 9 in Maces & Flails
  5192 | D:6      | Reached XP level 8. HP: 46/46 MP: 8/8
  5447 | D:6      | Found a glowing silver altar of Zin.
  5452 | D:6      | XOM: divination: detect creatures
  5459 | D:6      | XOM: harmless Conj miscast
  5508 | D:6      | Reached skill level 10 in Maces & Flails
  5512 | D:6      | XOM: divination: detect items
  5571 | D:6      | XOM: summons 1 hostile demon
  5601 | D:6      | Reached skill level 11 in Maces & Flails
  5757 | D:6      | Found a shattered altar of Ashenzari.
  5997 | D:7      | XOM: confusion (+ monsters)
  6008 | D:7      | Reached XP level 9. HP: 46/51 MP: 7/9
  6216 | D:7      | Got a crude flail
  6217 | D:7      | Identified the +11 flail of Lisomid {drain, *Drain rF++ Dex+3} (You found it on level 7 of the Dungeon)
  6404 | D:7      | Reached skill level 12 in Maces & Flails
  6413 | D:7      | XOM: enchant monster (good)
  6581 | D:7      | XOM: enchant monster (good)
  6697 | D:7      | Reached skill level 13 in Maces & Flails
  6844 | D:8      | Noticed Joseph
  6852 | D:8      | Killed Joseph
  6852 | D:8      | Reached XP level 10. HP: 52/56 MP: 8/10
  6891 | D:8      | XOM: medium Air miscast
  6910 | D:8      | Noticed Erica
  6920 | D:8      | Killed Erica
  6920 | D:8      | Reached skill level 14 in Maces & Flails
  7036 | D:8      | XOM: god gift: 14 arrows
  7141 | D:8      | XOM: divination: detect items
  7311 | D:8      | Noticed a two-headed ogre
  7313 | D:8      | XOM: confuse monster(s)
  7321 | D:8      | Killed a two-headed ogre
  7390 | D:8      | Noticed a two-headed ogre
  7399 | D:8      | Killed a two-headed ogre
  7399 | D:8      | Reached skill level 15 in Maces & Flails
  7588 | D:8      | Found a shadowy altar of Dithmenos.
  7592 | D:8      | Noticed Grum
  7592 | D:8      | XOM: enchant monster (good)
  7621 | D:8      | Killed Grum
  7669 | D:8      | XOM: god gift: glowing dagger {god gift}
  7928 | D:8      | XOM: cloud trail
  8003 | D:8      | Found a snail-covered altar of Cheibriados.
  8003 | D:8      | Noticed Psyche
  8007 | D:8      | Killed Psyche
  8007 | D:8      | Reached XP level 11. HP: 61/61 MP: 11/11
  8033 | D:8      | XOM: god gift: leather armour {god gift}
  8205 | D:3      | XOM: smoke on damage
  8397 | D:9      | Noticed a two-headed ogre
  8403 | D:9      | Killed a two-headed ogre
  8481 | D:9      | Found a white marble altar of Elyvilon.
  8506 | D:9      | XOM: god gift: 6 rations
  8606 | D:9      | Found a bloodstained altar of Trog.
  8615 | D:9      | XOM: polymorph orc priest -> boggart
  8637 | D:9      | XOM: give mutations
  8637 | D:9      | Gained mutation: You can translocate small distances at will. [Xom's mischief]
  8637 | D:9      | Gained mutation: You have a beak for a mouth. [Xom's mischief]
  8637 | D:9      | Gained mutation: You are somewhat resistant to further mutation. [Xom's mischief]
  8637 | D:9      | Lost mutation: You are somewhat resistant to further mutation. [Xom's mischief]
  8731 | D:9      | Found a glowing silver altar of Zin.
  8733 | D:9      | XOM: 3-stop teleportation journey
  9080 | D:9      | XOM: scenery: create altars
  9084 | D:9      | XOM: scenery: create altars
  9264 | D:9      | XOM: cloud trail
  9266 | D:10     | Entered Level 10 of the Dungeon
  9338 | D:10     | Noticed an ice dragon
  9344 | D:10     | Reached skill level 5 in Fighting
  9344 | D:10     | Reached skill level 5 in Armour
  9344 | D:10     | Reached skill level 5 in Shields
  9347 | D:10     | XOM: enchant monster (good)
  9358 | D:10     | Killed an ice dragon
  9381 | D:10     | Got the battleaxe of the New World {freeze}
  9474 | D:10     | Found a staircase to the Lair.
  9474 | D:10     | Noticed an oklob plant
  9533 | D:10     | XOM: smoke on damage
  9586 | D:10     | Noticed Josephine
  9592 | D:10     | Killed Josephine
  9592 | D:10     | XOM: divine lightning
  9892 | D:10     | Noticed a two-headed ogre
  9899 | D:10     | Killed a two-headed ogre
  9942 | D:10     | XOM: medium Chrm miscast
 10359 | D:10     | XOM: divination: detect items
 10395 | D:10     | XOM: harmless Chrm miscast
 10581 | D:11     | Found a flagged portal.
 10593 | D:11     | XOM: noise
 10621 | D:11     | Found a snail-covered altar of Cheibriados.
 10641 | D:11     | XOM: destruction
 10720 | D:11     | Found a staircase to the Orcish Mines.
 10954 | D:11     | Reached XP level 12. HP: 51/72 MP: 10/12
 10956 | D:11     | XOM: polymorph slime creature -> salamander
 10980 | D:11     | XOM: fog
 10989 | D:11     | Reached skill level 16 in Maces & Flails
 11009 | D:11     | XOM: scenery: 1 doors open
 11287 | D:11     | XOM: confuse monster(s)
 11710 | Lair:1   | Entered Level 1 of the Lair of Beasts
 11778 | Lair:1   | Got a sparkling lapis lazuli ring
 11780 | Lair:1   | Identified the ring of Dace {MR+ Slay+3} (You found it on level 1 of the Lair of Beasts)
 11883 | Lair:1   | Noticed a four-headed hydra
 11889 | Lair:1   | Killed a four-headed hydra
 12070 | Lair:1   | XOM: 1-stop teleportation journey
 12102 | Lair:1   | XOM: polymorph yak -> hornet
 12114 | Lair:1   | XOM: confuse monster(s)
 12382 | Lair:1   | XOM: cloud trail
 12635 | Lair:1   | Identified the +5 battleaxe of the New World {freeze, +Rage rF- rN++ Dex+4} (You found it on level 10 of the Dungeon)
 12750 | Lair:2   | XOM: god gift: wand of acid (10)
 12754 | Lair:2   | Found a staircase to the Snake Pit.
 12879 | Lair:2   | XOM: summons friendly iron imp
 12890 | Lair:2   | Noticed a four-headed hydra
 12892 | Lair:2   | XOM: fog
 12901 | Lair:2   | Killed a four-headed hydra
 12919 | Lair:2   | XOM: cleaving
 12979 | Lair:2   | Found a transporter.
 12990 | Lair:2   | XOM: fake destruction
 13092 | Lair:2   | XOM: harmless Ice miscast
 13340 | Lair:2   | Found a transporter.
 13342 | Lair:2   | Found the +2 hat of the Bear Spirit {Spirit, +Rage rN+ MR++}
 13379 | Lair:2   | XOM is BORED!
 13379 | Lair:2   | XOM: noise
 13422 | Lair:2   | XOM: confusion (+ monsters)
 13750 | Lair:2   | XOM: divination: magic mapping
 13980 | Lair:2   | XOM: silly message
 14041 | Lair:3   | Reached XP level 13. HP: 80/80 MP: 13/13
 14202 | Lair:3   | XOM: potion effect (brilliance)
 14203 | Lair:3   | XOM: potion effect (berserk rage)
 14212 | Lair:3   | Reached skill level 10 in Armour
 14214 | Lair:3   | Reached skill level 10 in Fighting
 14498 | Lair:3   | Found a staircase to the Swamp.
 14499 | Lair:3   | XOM: smoke on damage
 14505 | Lair:3   | XOM: mild Tmut miscast
 14512 | Lair:3   | XOM: enchant monster (good)
 14514 | Lair:3   | XOM: enchant monster (bad)
 14529 | Lair:3   | XOM: divination: detect creatures
 14537 | Lair:3   | XOM: summons 1 hostile shadow creature
 15298 | Lair:3   | XOM: mild Pois miscast
 15443 | Lair:4   | XOM: divination: magic mapping
 15452 | Lair:4   | Noticed Rupert
 15457 | Lair:4   | Paralysed by Rupert for 6 turns
 15459 | Lair:4   | XOM: enchant monster (good)
 15485 | Lair:4   | Killed Rupert
 15485 | Lair:4   | Reached skill level 17 in Maces & Flails
 15710 | Lair:4   | XOM is BORED!
 15710 | Lair:4   | XOM: 2-stop teleportation journey
 15846 | Lair:4   | XOM: 1-stop teleportation journey
 15882 | Lair:4   | XOM: polymorph wolf -> howler monkey
 15908 | Lair:4   | XOM: summons 9 friendly demons
 16043 | Lair:4   | XOM: harmless Tmut miscast
 16210 | Lair:4   | XOM: mild Air miscast
 16282 | Lair:4   | XOM: smoke on damage
 16283 | Lair:4   | XOM: divination: detect creatures
 16463 | Lair:4   | XOM: cloud trail
 16714 | Lair:5   | XOM: cast spell 'Summon Butterflies'
 16715 | Lair:5   | XOM: potion effect (haste)
 16720 | Lair:5   | XOM: scenery: create altars
 16722 | Lair:5   | XOM: cleaving
 16733 | Lair:5   | XOM: repel stairs
 16772 | Lair:5   | XOM: god gift: blackened brass wand {god gift}
 16916 | Lair:5   | XOM: polymorph catoblepas -> something unseen
 16917 | Lair:5   | XOM: harmless Fire miscast
 16921 | Lair:5   | XOM: severe Necr miscast
 16922 | Lair:5   | Noticed an ettin
 16922 | Lair:5   | a catoblepas changed into an ettin
 16925 | Lair:5   | an ettin changed into a sea snake
 17026 | Lair:5   | XOM: summons friendly red devil
 17033 | Lair:5   | Noticed Pawles22's ghost (journeyman GnSk)
 17040 | Lair:5   | XOM: cast spell 'Discord'
 17117 | Lair:4   | XOM: god gift: scroll labeled FEURHYSUCW {god gift}
 17238 | Lair:5   | XOM: 4-stop teleportation journey
 17260 | Lair:5   | XOM: divination: detect items
 17409 | Lair:5   | Found a viscous altar of Jiyva.
 17409 | Lair:5   | Found a staircase to the Slime Pits.
 17423 | Lair:5   | XOM: cast spell 'Cause Fear'
 17437 | Lair:5   | XOM: confuse monster(s)
 17461 | Lair:5   | Killed Pawles22's ghost
 17679 | Lair:5   | XOM: medium Necr miscast
 17721 | Lair:5   | Gained mutation: Your large and strong wings let you fly indefinitely. [Gargoyle growth]
 17721 | Lair:5   | Reached XP level 14. HP: 67/90 MP: 10/14
 17888 | Lair:5   | XOM: harmless Ice miscast
 17930 | Lair:5   | XOM: mild Fire miscast
 18198 | Lair:5   | XOM: god gift: scroll of fog
 18224 | Lair:6   | Entered Level 6 of the Lair of Beasts
 18229 | Lair:6   | XOM: harmless Summ miscast
 18321 | Lair:6   | XOM: confuse monster(s)
 18698 | Lair:6   | XOM: cast spell 'Alistair's Intoxication'
 18723 | Lair:6   | Noticed a dire elephant
 18739 | Lair:6   | XOM: divination: detect creatures
 18743 | Lair:6   | Killed a dire elephant
 18942 | Lair:6   | XOM: swap monsters
 19485 | Lair:6   | XOM: potion effect (haste)
 19491 | Lair:6   | XOM: fog
 19505 | Lair:6   | Reached skill level 18 in Maces & Flails
 19699 | Lair:6   | XOM: give mutations
 19699 | Lair:6   | Gained mutation: You are partially covered in large bone plates. (SH +4) [Xom's grace]
 19699 | Lair:6   | Gained mutation: You are partially covered in icy blue scales. (AC +2) [Xom's grace]
 19699 | Lair:6   | Gained mutation: You are agile. (Dex +2) [Xom's grace]
 20059 | Orc:1    | Entered Level 1 of the Orcish Mines
 20059 | Orc:1    | Noticed an orc warlord
 20060 | Orc:1    | XOM: potion effect (agility)
 20067 | Orc:1    | Killed an orc warlord
 20068 | Orc:1    | XOM: summons friendly shadow imp
 20068 | Orc:1    | XOM: smoke on damage
 20080 | D:11     | XOM: summons friendly white imp
 20082 | D:11     | XOM: confusion (+ monsters)
 20355 | Orc:1    | Noticed Urug
 20355 | Orc:1    | XOM: divination: magic mapping
 20360 | Orc:1    | XOM: cast spell 'Summon Small Mammal'
 20366 | Orc:1    | Killed Urug
 20425 | Orc:1    | XOM: mild Pois miscast
 20455 | Orc:1    | Found a roughly hewn altar of Beogh.
 20830 | Orc:2    | Entered Level 2 of the Orcish Mines
 21094 | Orc:2    | XOM: cast spell 'Discord'
 21103 | Orc:2    | XOM: cast spell 'Alistair's Intoxication'
 21106 | Orc:2    | XOM: fog
 21111 | Orc:2    | XOM: cast spell 'Dispersal'
 21130 | Orc:2    | XOM: divination: detect creatures
 21181 | Orc:2    | HP: 2/94 [orc priest/divine providence (7)]
 21186 | Orc:2    | XOM: 4-stop teleportation journey
 21253 | Orc:2    | Found a staircase to the Elven Halls.
 21602 | Orc:2    | Reached XP level 15. HP: 76/99 MP: 15/15
 21690 | Orc:2    | XOM: cloud trail
 21829 | Orc:2    | Found a roughly hewn altar of Beogh.
 21872 | Orc:2    | Found Hadareh's Assorted Antiques.
 21872 | Orc:2    | Found Bett's General Store.
 21932 | Orc:2    | Found Duufifac's Weapon Boutique.
 21932 | Orc:2    | Found Ozixe's Gadget Emporium.
 22180 | Orc:2    | XOM: divination: detect items
 22269 | Orc:1    | Noticed Fannar
 22286 | Orc:1    | Killed Fannar
 22687 | Orc:1    | XOM: summons 2 hostile shadow creatures
 22860 | D:12     | XOM: god gift: 24 gold pieces
 23360 | D:12     | XOM: harmless Air miscast
 23732 | D:12     | XOM: medium Fire miscast
 23946 | D:13     | XOM: swap monsters
 23969 | D:13     | XOM: summons friendly iron imp
 24361 | D:13     | XOM: divination: detect items
 24551 | D:13     | XOM: give mutations
 24551 | D:13     | Gained mutation: You have a pair of small horns on your head. [Xom's grace]
 24551 | D:13     | Gained mutation: You are resistant to hostile enchantments. (MR+) [Xom's grace]
 24704 | D:13     | XOM: noise
 25020 | D:14     | XOM: summons 3 friendly demons
 25532 | D:14     | XOM: mild Pois miscast
 25611 | D:14     | Found a gate to the Vaults.
 25777 | D:14     | XOM: stat loss: -1 Int (8/9)
 25800 | D:14     | Reached skill level 19 in Maces & Flails
 25960 | D:15     | Entered Level 15 of the Dungeon
 25960 | D:15     | Noticed Kirke
 25967 | D:15     | Killed Kirke
 25967 | D:15     | XOM: chaos upgrade
 25973 | D:15     | XOM: 2-stop teleportation journey
 26097 | D:15     | Found a staircase to the Depths.
 26099 | D:15     | Noticed a fire giant
 26099 | D:15     | XOM: harmless Summ miscast
 26452 | D:15     | XOM: summons 7 hostile demons
 26488 | D:15     | XOM: harmless Chrm miscast
 26501 | D:15     | XOM: cleaving
 26739 | D:15     | Killed a fire giant
 26739 | D:15     | Reached XP level 16. HP: 93/107 MP: 13/16
 26811 | D:15     | XOM: god gift: scroll of noise
 26968 | D:15     | Identified the Disquisition on Displacement
 27018 | D:15     | XOM: give mutations
 27018 | D:15     | Gained mutation: You have supernaturally acute eyesight. (SInv) [Xom's grace]
 27018 | D:15     | Gained mutation: You passively map a small area around you. [Xom's grace]
 27018 | D:15     | Gained mutation: You are very agile. (Dex +4) [Xom's grace]
 27613 | D:15     | Noticed Roxanne
 27613 | D:15     | XOM: scenery: create altars
 27615 | D:15     | XOM: give mutations
 27615 | D:15     | Gained mutation: You are highly resistant to hostile enchantments. (MR++) [Xom's grace]
 27615 | D:15     | Gained mutation: Your spells are a little harder to cast, but a little more powerful. [Xom's grace]
 27617 | D:15     | XOM: summons 8 friendly demons
 27627 | D:15     | XOM: scenery: create altars
 27638 | D:15     | Killed Roxanne
 27685 | D:15     | Identified Roxanne's Almanac of Changing (You took it off Roxanne on level 15 of the Dungeon)
 28108 | Lair:2   | Reached skill level 15 in Armour
 28115 | Lair:2   | Reached skill level 15 in Fighting
 28773 | Snake:1  | Entered Level 1 of the Snake Pit
 28789 | Snake:1  | XOM: potion effect (invisibility)
 28852 | Snake:1  | Found Lyse's Jewellery Boutique.
 28853 | Snake:1  | XOM: divination: detect creatures
 28971 | Snake:1  | XOM: scenery: create altars
 29282 | Snake:1  | Noticed Donald
 29297 | Snake:1  | Killed Donald
 29313 | Snake:1  | XOM: silly message
 29421 | Snake:1  | XOM: cast spell 'Dispersal'
 29525 | Snake:1  | XOM: summons friendly crimson imp
 29838 | Snake:1  | XOM is BORED!
 29838 | Snake:1  | XOM: harmless Hex miscast
 29878 | Snake:2  | XOM: chaos upgrade
 29887 | Snake:2  | XOM: polymorph black mamba -> jumping spider
 29894 | Snake:2  | XOM: summons friendly ufetubus
 29923 | Snake:2  | XOM: snakes to sticks
 29962 | Snake:2  | XOM: mild Air miscast
 29969 | Snake:2  | XOM: mild Conj miscast
 30100 | Snake:2  | XOM: noise
 30185 | Snake:2  | XOM: potion effect (curing)
 30189 | Snake:2  | Noticed Vashnia
 30199 | Snake:2  | XOM: cast spell 'Olgreb's Toxic Radiance'
 30213 | Snake:2  | XOM: potion effect (haste)
 30223 | Snake:2  | XOM: fog
 30243 | Snake:2  | XOM: fog
 30251 | Snake:2  | Killed Vashnia
 30251 | Snake:2  | Reached XP level 17. HP: 83/115 MP: 6/17
 30272 | Snake:2  | XOM: scenery: create altars
 30273 | Snake:2  | XOM: cast spell 'Olgreb's Toxic Radiance'
 30320 | Snake:2  | Noticed Agnes
 30334 | Snake:1  | XOM: 4-stop teleportation journey
 30614 | Snake:2  | Killed Agnes
 30614 | Snake:2  | XOM: divine lightning
 30622 | Snake:2  | Reached skill level 20 in Maces & Flails
 30626 | Snake:2  | XOM: cleaving
 30629 | Snake:2  | Noticed Frances
 30629 | Snake:2  | XOM: cleaving
 30639 | Snake:2  | XOM: cast spell 'Summon Hydra'
 30643 | Snake:2  | Killed Frances
 30665 | Snake:1  | XOM: cloud trail
 31018 | Snake:2  | XOM: 6-stop teleportation journey
 31116 | Snake:2  | Found a transporter.
 31117 | Snake:2  | Found a deep blue altar of Sif Muna.
 31313 | Snake:2  | XOM: god gift: potion of degeneration
 31368 | Snake:2  | XOM is BORED!
 31368 | Snake:2  | XOM: severe Fire miscast
 31424 | Snake:2  | XOM: noise
 31428 | Snake:2  | XOM: harmless Necr miscast
 31618 | Snake:2  | XOM: give mutations
 31618 | Snake:2  | Gained mutation: You occasionally shout uncontrollably at your foes. [Xom's mischief]
 31618 | Snake:2  | Lost mutation: You occasionally shout uncontrollably at your foes. [Xom's mischief]
 31618 | Snake:2  | Lost mutation: You are very agile. (Dex +4) [Xom's mischief]
 31717 | Snake:2  | XOM: give mutations
 31717 | Snake:2  | Lost mutation: You are partially covered in large bone plates. (SH +4) [Xom's mischief]
 31717 | Snake:2  | Lost mutation: You passively map a small area around you. [Xom's mischief]
 31755 | Snake:2  | XOM: enchant monster (good)
 31758 | Snake:2  | XOM: mild Ice miscast
 31762 | Snake:2  | XOM: noise
 31763 | Snake:2  | XOM: confusion
 31767 | Snake:2  | XOM: divination: detect creatures
 32382 | Snake:3  | XOM: chaos upgrade
 32406 | Snake:3  | XOM: harmless Pois miscast
 32457 | Snake:3  | XOM: cloud trail
 32510 | Snake:3  | Lost mutation: You have a pair of small horns on your head. [potion of mutation]
 32510 | Snake:3  | Lost mutation: You can translocate small distances at will. [potion of mutation]
 32510 | Snake:3  | Lost mutation: Your spells are a little harder to cast, but a little more powerful. [potion of mutation]
 32510 | Snake:3  | Gained mutation: You are extremely resistant to the effects of hostile enchantments. (MR+++) [potion of mutation]
 32510 | Snake:3  | Gained mutation: Your spells are a little harder to cast, but a little more powerful. [potion of mutation]
 32581 | Snake:3  | XOM: medium Fire miscast
 32908 | Snake:3  | XOM: summons 1 hostile demon
 32982 | Snake:3  | XOM: harmless Ice miscast
 32986 | Snake:3  | XOM: enchant monster (bad)
 33194 | Snake:4  | Entered Level 4 of the Snake Pit
 33221 | Snake:4  | XOM: 1-stop teleportation journey
 33311 | Snake:4  | XOM: cleaving
 33317 | Snake:4  | XOM: polymorph naga -> wolf
 33403 | Snake:4  | XOM: harmless Ice miscast
 33504 | Snake:4  | XOM: enchant monster (bad)
 33520 | Snake:4  | XOM: polymorph naga warrior -> anaconda
 33524 | Snake:4  | Reached XP level 18. HP: 83/123 MP: 14/18
 33525 | Snake:4  | XOM: 1-stop teleportation journey
 33528 | Snake:4  | XOM: chaos cloud
 33562 | Snake:4  | XOM: summons 4 hostile shadow creatures
 33854 | Snake:4  | XOM: give mutations
 33854 | Snake:4  | Gained mutation: You are covered in fur. (AC +1) [Xom's mischief]
 33854 | Snake:4  | Gained mutation: You are frail. (-10% HP) [Xom's mischief]
 33854 | Snake:4  | Gained mutation: You are dopey. (Int -2) [Xom's mischief]
 33961 | Snake:4  | XOM: enchant monster (bad)
 33971 | Snake:4  | XOM: confusion (+ monsters)
 33972 | Snake:4  | XOM: give mutation
 33972 | Snake:4  | Gained mutation: You are weak. (Str -2) [Xom's mischief]
 33988 | Snake:4  | XOM: potion effect (haste)
 34008 | Snake:4  | XOM: potion effect (magic)
 34190 | Snake:4  | XOM: potion effect (magic)
 34191 | Snake:4  | XOM: harmless Hex miscast
 34193 | Snake:4  | XOM: potion effect (might)
 34199 | Snake:4  | XOM: potion effect (magic)
 34213 | Snake:4  | XOM: harmless Tmut miscast
 34356 | Snake:4  | XOM: potion effect (invisibility)
 34531 | Snake:4  | XOM: harmless Erth miscast
 34547 | Snake:4  | XOM: divination: magic mapping
 34594 | Snake:4  | XOM: potion effect (might)
 34685 | Snake:4  | XOM: divination: magic mapping
 34740 | Snake:4  | XOM: potion effect (haste)
 34890 | Snake:4  | Reached skill level 21 in Maces & Flails
 34891 | Snake:4  | XOM: potion effect (agility)
 34914 | Snake:4  | XOM: confuse monster(s)
 34926 | Snake:4  | XOM: swap monsters
 34955 | Snake:4  | XOM: noise
 34964 | Snake:4  | XOM: polymorph naga warrior -> swamp worm
 35247 | Snake:4  | Got a serpentine rune of Zot
 35381 | Snake:4  | XOM: confuse monster(s)
 35432 | Snake:4  | XOM: summons 2 friendly demons
 35528 | Snake:4  | XOM: god gift: jewelled great mace {god gift}
 35570 | Snake:4  | Got a jewelled great mace {god gift}
 35571 | Snake:4  | Identified the +8 great mace "Giantslayer" {drain, Fragile Str+6} (Xom gifted it to you on level 4 of the Snake Pit)
 35609 | Snake:4  | XOM: summons 9 hostile demons
 35610 | Snake:4  | XOM: confuse monster(s)
 35632 | Snake:4  | XOM: enchant monster (good)
 35642 | Snake:4  | XOM: enchant monster (bad)
 35650 | Snake:4  | XOM: potion effect (curing)
 35880 | Snake:4  | XOM: summons friendly ufetubus
 35896 | Snake:4  | XOM: summons 6 friendly demons
 35903 | Snake:4  | XOM: scenery: create altars
 35909 | Snake:4  | Reached XP level 19. HP: 40/117 MP: 8/19
 35974 | Snake:4  | XOM: god gift: potion of flight
 36368 | Snake:4  | XOM: summons friendly quasit
 36372 | Snake:4  | XOM: scenery: create altars
 36639 | Swamp:1  | Entered Level 1 of the Swamp
 36859 | Swamp:1  | Reached skill level 1 in Evocations
 36878 | Swamp:1  | XOM: cast spell 'Summon Hydra'
 36912 | Swamp:1  | Reached skill level 1 in Dodging
 36981 | Swamp:1  | XOM: cast spell 'Summon Butterflies'
 37176 | Swamp:1  | You are sucked into a shaft!
 37429 | Swamp:2  | XOM: 2-stop teleportation journey
 37472 | Swamp:2  | XOM: summons 3 friendly demons
 37764 | Swamp:2  | XOM: 1-stop teleportation journey
 37848 | Swamp:2  | XOM: harmless Pois miscast
 38022 | Swamp:2  | Noticed Aizul
 38033 | Swamp:2  | Killed Aizul
 38554 | Swamp:1  | XOM: enchant monster (bad)
 38556 | Swamp:1  | XOM: divination: magic mapping
 38557 | Swamp:1  | XOM: silly message
 38559 | Swamp:1  | XOM: divination: detect items
 38733 | Swamp:1  | XOM: harmless Summ miscast
 38997 | Swamp:1  | XOM: noise
 39015 | Swamp:1  | XOM: confusion (+ monsters)
 39017 | Swamp:1  | XOM: confuse monster(s)
 39019 | Swamp:1  | XOM: enchant monster (bad)
 39024 | Swamp:1  | XOM: polymorph thorn hunter -> shambling mangrove
 39116 | Swamp:1  | XOM: give mutation
 39116 | Swamp:1  | Lost mutation: You are extremely resistant to the effects of hostile enchantments. (MR+++) [Xom's mischief]
 39335 | Swamp:1  | XOM: give mutations
 39335 | Swamp:1  | Gained mutation: You evolve. [Xom's grace]
 39335 | Swamp:1  | Lost mutation: You are frail. (-10% HP) [Xom's grace]
 39336 | Swamp:1  | Lost mutation: You are covered in fur. (AC +1) [potion of mutation]
 39336 | Swamp:1  | Lost mutation: You have supernaturally acute eyesight. (SInv) [potion of mutation]
 39336 | Swamp:1  | Gained mutation: You rapidly evolve. [potion of mutation]
 39336 | Swamp:1  | Gained mutation: You have sharp fingernails. [potion of mutation]
 39585 | Swamp:3  | XOM: summons friendly soul eater
 39891 | Swamp:3  | Lost mutation: You are weak. (Str -2) [evolution]
 40041 | Swamp:3  | XOM: 2-stop teleportation journey
 40136 | Swamp:3  | XOM: divination: detect items
 40362 | Swamp:4  | Entered Level 4 of the Swamp
 40452 | Swamp:4  | XOM: harmless Tloc miscast
 40467 | Swamp:4  | XOM is BORED!
 40467 | Swamp:4  | XOM: harmless Necr miscast
 40559 | Swamp:4  | XOM: cast spell 'Summon Hydra'
 40615 | Swamp:4  | XOM: enchant monster (good)
 40687 | Swamp:4  | XOM: harmless Chrm miscast
 40764 | Swamp:4  | XOM: harmless Conj miscast
 40772 | Swamp:4  | XOM: silly message
 40844 | Swamp:4  | XOM: noise
 40857 | Swamp:4  | XOM: cast spell 'Summon Butterflies'
 41242 | Swamp:4  | XOM: harmless Summ miscast
 41300 | Swamp:4  | XOM: divination: detect creatures
 41394 | Swamp:4  | XOM: harmless Pois miscast
 41612 | Swamp:4  | Noticed the 27-headed Lernaean hydra
 41613 | Swamp:4  | Killed the 27-headed Lernaean hydra
 41621 | Swamp:4  | Got a decaying rune of Zot
 42079 | Lair:1   | Learned a level 2 spell: Shroud of Golubria
 42082 | Lair:1   | Learned a level 2 spell: Swiftness
 42201 | Elf:1    | Entered Level 1 of the Elven Halls
 42215 | Elf:1    | XOM: harmless Tloc miscast
 42219 | Elf:1    | XOM: mild Pois miscast
 42224 | Elf:1    | XOM: enchant monster (good)
 42355 | Elf:1    | XOM: smoke on damage
 42358 | Elf:1    | XOM: confuse monster(s)
 42364 | Elf:1    | XOM: blink monster(s)
 42370 | Elf:1    | XOM: noise
 42375 | Elf:1    | XOM: enchant monster (bad)
 42379 | Elf:1    | XOM: summons 6 friendly demons
 42382 | Elf:1    | Reached XP level 20. HP: 99/137 MP: 18/23
 42386 | Elf:1    | Reached skill level 1 in Charms
 42394 | Elf:1    | Reached skill level 1 in Spellcasting
 42515 | Elf:1    | Identified the Grimoire of Conjuration
 42576 | Elf:1    | XOM: cloud trail
 42601 | Elf:1    | XOM: god gift: 18 gold pieces
 42806 | Elf:1    | Found Eklev's Jewellery Boutique.
 42829 | Elf:1    | Bought an uncursed ring of see invisible for 255 gold pieces
 42892 | Elf:1    | XOM is BORED!
 42892 | Elf:1    | XOM: draining
 42899 | Elf:1    | XOM: swap monsters
 43095 | Elf:2    | XOM: scenery: create altars
 43242 | Elf:2    | XOM: confusion (+ monsters)
 43283 | Elf:2    | XOM: noise
 43437 | Elf:2    | Found a runed gate.
 43437 | Elf:2    | Found a runed gate.
 43437 | Elf:2    | Found a runed gate.
 43516 | Elf:2    | XOM: cloud trail
 43522 | Elf:2    | XOM: harmless Conj miscast
 43669 | Elf:2    | XOM: divination: detect items
 43739 | Elf:2    | XOM: harmless Hex miscast
 43742 | Elf:2    | XOM: summons friendly quasit
 43761 | Elf:2    | Reached skill level 5 in Evocations
 43786 | Elf:2    | XOM: harmless Necr miscast
 43793 | Elf:2    | XOM: potion effect (invisibility)
 43795 | Elf:2    | XOM: potion effect (heal wounds)
 43802 | Elf:2    | XOM: divination: detect creatures
 43840 | Elf:2    | XOM: divination: detect creatures
 43906 | Elf:2    | XOM: cast spell 'Alistair's Intoxication'
 44112 | Elf:2    | XOM: scenery: 2 doors close
 44531 | Vaults:1 | Entered Level 1 of the Vaults
 44568 | Vaults:1 | Learned a level 1 spell: Infusion
 44571 | Vaults:1 | Learned a level 2 spell: Song of Slaying
 44575 | Vaults:1 | Learned a level 3 spell: Regeneration
 44686 | Vaults:1 | XOM: god gift: scroll of blinking
 44837 | Vaults:1 | XOM: medium Summ miscast
 45034 | Vaults:1 | XOM: harmless Necr miscast
 45188 | Vaults:1 | Reached skill level 5 in Dodging
 45306 | Vaults:1 | XOM: enchant monster (bad)
 45313 | Vaults:1 | XOM: enchant monster (bad)
 45318 | Vaults:1 | XOM: summons friendly ufetubus
 45320 | Vaults:1 | Reached skill level 1 in Necromancy
 45371 | Vaults:1 | XOM: divination: detect items
 45385 | Vaults:1 | XOM: potion effect (curing)
 45724 | Vaults:1 | XOM: swap monsters
 45966 | Vaults:1 | XOM: enchant monster (good)
 46041 | Vaults:1 | XOM: 6-stop teleportation journey
 46052 | Vaults:1 | XOM: harmless Fire miscast
 46356 | Vaults:1 | XOM: summons friendly iron imp
 46362 | Vaults:1 | XOM: smoke on damage
 46365 | Vaults:1 | XOM: fake destruction
 46777 | Vaults:2 | XOM: summons 2 friendly demons
 46782 | Vaults:2 | Reached skill level 22 in Maces & Flails
 46869 | Vaults:2 | XOM: summons 7 friendly demons
 46872 | Vaults:2 | Lost mutation: You are agile. (Dex +2) [evolution]
 46878 | Vaults:2 | XOM: cast spell 'Summon Butterflies'
 46879 | Vaults:2 | XOM: confuse monster(s)
 46898 | Vaults:2 | Reached XP level 21. HP: 111/144 MP: 21/27
 47134 | Vaults:2 | XOM: enchant monster (good)
 47252 | Vaults:2 | XOM: cleaving
 47256 | Vaults:2 | XOM: blink monster(s)
 47266 | Vaults:2 | XOM: summons friendly ufetubus
 47279 | Vaults:2 | XOM: fog
 47476 | Vaults:2 | XOM: enchant monster (bad)
 47493 | Vaults:2 | XOM: harmless Chrm miscast
 47556 | Vaults:2 | XOM: summons 10 hostile demons
 47596 | Vaults:2 | XOM: give mutation
 47596 | Vaults:2 | Lost mutation: You are dopey. (Int -2) [Xom's mischief]
 47999 | Vaults:2 | Noticed Mara
 48012 | Vaults:2 | Noticed Mgcat's illusion
 48220 | Vaults:3 | XOM: silly message
 48314 | Vaults:3 | XOM: confusion
 48324 | Vaults:3 | XOM: chaos cloud
 48336 | Vaults:3 | XOM: cast spell 'Shadow Creatures'
 48363 | Vaults:3 | XOM: noise
 48393 | Vaults:3 | XOM: mild Erth miscast
 48541 | Vaults:3 | XOM: enchant monster (good)
 48543 | Vaults:3 | Reached skill level 5 in Spellcasting
 48681 | Vaults:3 | XOM: scenery: create altars
 48696 | Vaults:3 | XOM: summons friendly iron imp
 48697 | Vaults:3 | XOM: scenery: create altars
 48699 | Vaults:3 | XOM: enchant monster (good)
 48701 | Vaults:3 | XOM: 3-stop teleportation journey
 48717 | Vaults:3 | XOM: potion effect (berserk rage)
 48717 | Vaults:3 | XOM: smoke on damage
 48744 | Vaults:3 | Reached skill level 5 in Charms
 48749 | Vaults:3 | XOM: confuse monster(s)
 48768 | Vaults:3 | XOM: polymorph ogre mage -> death drake
 48801 | Vaults:3 | XOM: summons friendly iron imp
 49131 | Vaults:3 | XOM: 1-stop teleportation journey
 49309 | Vaults:3 | XOM: 6-stop teleportation journey
 49376 | Vaults:3 | XOM: confuse monster(s)
 49478 | Vaults:3 | Noticed Xtahua
 49481 | Vaults:3 | Noticed Xtahua
 49481 | Vaults:3 | Xtahua changed into Xtahua the juggernaut
 49481 | Vaults:3 | XOM: polymorph Xtahua -> Xtahua the juggernaut
 49495 | Vaults:3 | Killed Xtahua the juggernaut
 49561 | Vaults:3 | XOM is BORED!
 49561 | Vaults:3 | XOM: give mutation
 49561 | Vaults:3 | Lost mutation: You are highly resistant to hostile enchantments. (MR++) [Xom's mischief]
 50071 | Vaults:3 | XOM: cloud trail
 50499 | Vaults:4 | XOM: summons 2 hostile shadow creatures
 50542 | Vaults:4 | XOM: cleaving
 50577 | Vaults:4 | XOM: fog
 50651 | Vaults:4 | XOM: 2-stop teleportation journey
 50918 | Vaults:4 | XOM: silly message
 51014 | Vaults:4 | XOM: harmless Conj miscast
 51020 | Vaults:4 | XOM: 1-stop teleportation journey
 51026 | Vaults:4 | XOM: confusion
 51076 | Vaults:4 | XOM: noise
 51174 | Vaults:4 | Reached XP level 22. HP: 151/151 MP: 30/30
 51738 | Vaults:4 | XOM: enchant monster (bad)
 52134 | Vaults:2 | XOM: harmless Erth miscast
 52363 | Depths:1 | Entered Level 1 of the Depths
 52370 | Depths:1 | XOM: cast spell 'Summon Hydra'
 52392 | Depths:1 | XOM: noise
 52415 | D:15     | XOM: repel stairs
 52561 | Depths:1 | XOM: swap monsters
 52565 | Depths:1 | XOM: enchant monster (good)
 52611 | D:15     | XOM: give mutation
 52611 | D:15     | Gained mutation: You are agile. (Dex +2) [Xom's mischief]
 52734 | D:15     | Gained mutation: You are partially covered in rugged brown scales. (AC +1, +3% HP) [evolution]
 52841 | Depths:1 | XOM: mild Air miscast
 52856 | D:15     | XOM: divine lightning
 53086 | Depths:1 | XOM: enchant monster (bad)
 53122 | Depths:1 | XOM: harmless Fire miscast
 53201 | Depths:1 | Noticed Asterion
 53347 | Depths:1 | XOM: harmless Tloc miscast
 53348 | Depths:1 | Killed Asterion
 53369 | Depths:1 | XOM: harmless Pois miscast
 53382 | Depths:1 | XOM: smoke on damage
 53586 | Depths:1 | Got a faintly glowing pewter amulet
 53596 | Depths:1 | Found a one-way gate to the infinite horrors of the Abyss.
 53641 | Depths:1 | XOM: medium Ice miscast
 53813 | Depths:1 | Found a gateway to Hell.
 54019 | Depths:1 | XOM: cast spell 'Summon Small Mammal'
 54020 | Depths:1 | Reached skill level 5 in Necromancy
 54022 | Depths:1 | XOM: summons 2 hostile shadow creatures
 54051 | Depths:1 | Found the +3 robe of Clouds {+Fly rElec}
 54430 | Depths:1 | You are sucked into a shaft!
 54536 | Depths:2 | XOM: polymorph deep troll shaman -> ghost moth
 54540 | Depths:2 | XOM: polymorph tengu warrior -> eye of devastation
 54556 | Depths:2 | XOM: confuse monster(s)
 54564 | Depths:2 | XOM: harmless Ice miscast
 54641 | Depths:2 | XOM: harmless Tmut miscast
 54726 | Depths:2 | XOM: 1-stop teleportation journey
 54729 | Depths:2 | XOM: destruction
 54733 | Depths:2 | XOM: severe Ice miscast
 54743 | Depths:2 | XOM: fake destruction
 54752 | Depths:2 | XOM: silly message
 54757 | Depths:2 | XOM: enchant monster (bad)
 55085 | Depths:2 | Noticed the Enchantress
 55094 | Depths:2 | XOM: swap monsters
 55102 | Depths:2 | Killed the Enchantress
 55102 | Depths:2 | XOM: divine lightning
 55116 | Depths:2 | XOM: scenery: create altars
 55119 | Depths:2 | XOM: summons 9 friendly demons
 55308 | Depths:2 | XOM: 1-stop teleportation journey
 55352 | Depths:2 | Reached XP level 23. HP: 153/160 MP: 25/33
 55495 | Depths:2 | XOM: cast spell 'Necromutation'
 55578 | Depths:2 | XOM: summons 4 friendly demons
 55697 | Depths:2 | XOM: 8-stop teleportation journey
 55702 | Depths:2 | XOM: scenery: create altars
 55758 | Depths:2 | XOM: cleaving
 55781 | Depths:2 | Got a warped turquoise ring
 55969 | Depths:2 | XOM: summons friendly crimson imp
 56008 | Depths:2 | Got faerie dragon scales
 56037 | Depths:2 | Identified the +1 faerie dragon scales {rElec MR+ rCorr Str+2 Dex+4} (You took it off the Enchantress on level 2 of the Depths)
 56056 | Depths:2 | XOM: give mutations
 56056 | Depths:2 | Gained mutation: Your mind is acute. (Int +2) [Xom's grace]
 56056 | Depths:2 | Gained mutation: You have supernaturally acute eyesight. (SInv) [Xom's grace]
 56062 | Depths:2 | Found a burning altar of Makhleb.
 56063 | Depths:2 | XOM: 2-stop teleportation journey
 56138 | Depths:2 | XOM: divine lightning
 56213 | Depths:2 | XOM: fog
 56221 | Depths:2 | XOM: summons 3 friendly demons
 56239 | Depths:2 | XOM: harmless Summ miscast
 56280 | Depths:2 | Got a bound turquoise ring
 56566 | Depths:2 | XOM: harmless Chrm miscast
 56591 | Depths:2 | Gained mutation: Your mind is very acute. (Int +4) [evolution]
 56591 | Depths:2 | Lost mutation: You rapidly evolve. [decline of evolution]
 56664 | Depths:2 | XOM: mild Tloc miscast
 56719 | Depths:2 | XOM: stat loss: -1 Str (21/22)
 56752 | Depths:2 | Noticed a golden dragon
 56753 | Depths:2 | XOM: summons friendly white imp
 56762 | Depths:2 | Killed a golden dragon
 56952 | Depths:2 | Found a runed door.
 56952 | Depths:2 | Found a runed door.
 57281 | Depths:2 | XOM: medium Ice miscast
 57411 | Depths:2 | XOM: noise
 57549 | Depths:2 | XOM: silly message
 57561 | Depths:2 | XOM: fog
 57568 | Depths:2 | XOM: god gift: 40 gold pieces
 57619 | Depths:2 | Identified a scroll of acquirement
 57640 | Depths:2 | Identified the ring of Sanilurch {rF+ MR+ Slay+2} (You took it off a yaktaur on level 2 of the Depths)
 57641 | Depths:2 | Identified the ring of Dotz {rF++ Int+3} (You took it off a spriggan air mage on level 2 of the Depths)
 57642 | Depths:2 | Identified the amulet "Hero's Friend" {+Rage SInv} (You took it off an ogre mage on level 1 of the Depths)
 57735 | Depths:2 | XOM: stat loss: -1 Dex (20/21)
 57854 | Depths:2 | Noticed a golden dragon
 57854 | Depths:2 | Noticed a juggernaut
 57870 | Depths:2 | Killed a golden dragon
 57870 | Depths:2 | XOM: blink monster(s)
 57886 | Depths:2 | Killed a juggernaut
 57935 | Depths:2 | Noticed a juggernaut
 57950 | Depths:2 | Killed a juggernaut
 58193 | Depths:2 | XOM: polymorph spriggan defender -> alligator snapping turtle
 58391 | Depths:2 | XOM: give mutations
 58391 | Depths:2 | Gained mutation: You are partially covered in large bone plates. (SH +4) [Xom's grace]
 58391 | Depths:2 | Gained mutation: Your muscles are strong. (Str +2) [Xom's grace]
 58504 | Depths:2 | XOM: give mutations
 58504 | Depths:2 | Gained mutation: You have sharp toenails. [Xom's grace]
 58504 | Depths:2 | Gained mutation: You are very agile. (Dex +4) [Xom's grace]
 58504 | Depths:2 | Gained mutation: Your natural rate of healing is unusually fast. [Xom's grace]
 58630 | Depths:1 | Reached XP level 24. HP: 168/168 MP: 35/35
 58769 | Depths:3 | XOM: god gift: 16 sling bullets
 58775 | Depths:3 | XOM: summons friendly sixfirhy
 58812 | Depths:3 | Noticed Margery
 58825 | Depths:3 | XOM: confuse monster(s)
 58834 | Depths:3 | Killed Margery
 58903 | Depths:3 | Paralysed by a floating eye for 2 turns
 59037 | Depths:3 | XOM: enchant monster (good)
 59039 | Depths:3 | XOM: cast spell 'Dispersal'
 59156 | Depths:3 | XOM: harmless Erth miscast
 59157 | Depths:3 | Paralysed by a floating eye for 4 turns
 59177 | Depths:3 | XOM: enchant monster (bad)
 59192 | Depths:3 | XOM: summons 15 friendly demons
 59230 | Depths:3 | Found a gateway to a ziggurat.
 59337 | Depths:3 | XOM: enchant monster (good)
 59371 | Depths:3 | Found a one-way gate leading to the halls of Pandemonium.
 59446 | Depths:3 | Got a heavily runed bronze ring
 59447 | Depths:3 | Identified the ring "Cacemum" {AC+5 Dex+5 SInv} (You found it on level 3 of the Depths)
 59461 | Depths:3 | XOM: noise
 59482 | Depths:3 | XOM: divination: detect items
 59486 | Depths:3 | XOM: cast spell 'Summon Small Mammal'
 59530 | Depths:3 | Identified the Tome of the Traveller and Darkness
 59550 | Depths:3 | Found a shimmering altar of Xom.
 59591 | Depths:3 | XOM: harmless Ice miscast
 59595 | Depths:3 | Got a fine steel ring
 59665 | Depths:3 | Reached skill level 10 in Evocations
 59748 | Depths:3 | Noticed Sojobo
 59771 | Depths:3 | XOM: noise
 59774 | Depths:3 | XOM: divination: detect items
 59781 | Depths:3 | XOM: harmless Ice miscast
 59797 | Depths:3 | Killed Sojobo
 59907 | Depths:3 | Got a wavering ivory ring
 59908 | Depths:3 | Identified the ring of Temptation {+Blink rElec MP-9 AC+5 Str+6 Stlth+} (You found it on level 3 of the Depths)
 59909 | Depths:3 | Identified the ring "Avobyhon" {+Fly Int+4 Stlth+} (You took it off a vampire knight on level 3 of the Depths)
 59982 | Depths:4 | Reached skill level 23 in Maces & Flails
 60005 | Depths:4 | XOM: enchant monster (good)
 60011 | Depths:4 | XOM: god gift: potion of curing
 60012 | Depths:4 | XOM: scenery: create altars
 60044 | Depths:4 | XOM: summons friendly quasit
 60261 | Depths:4 | XOM: confuse monster(s)
 60279 | Depths:4 | Lost mutation: Your natural rate of healing is unusually fast. [evolution]
 60401 | Depths:4 | XOM: cast spell 'Summon Butterflies'
 60825 | Depths:4 | Noticed Jory
 60825 | Depths:4 | XOM: scenery: 4 doors close
 60837 | Depths:4 | XOM: medium Pois miscast
 60841 | Depths:4 | XOM: summons friendly shadow imp
 60858 | Depths:4 | XOM: divination: magic mapping
 60902 | Depths:4 | XOM: divination: detect items
 61031 | Depths:4 | Found a portal to a secret trove of treasure.
 61186 | Depths:4 | Reached XP level 25. HP: 175/175 MP: 36/36
 61204 | Depths:4 | XOM: enchant monster (good)
 61219 | Depths:4 | Identified the Almanac of Dusty Transmutation
 61257 | Depths:4 | XOM: harmless Chrm miscast
 61279 | Depths:4 | XOM: confuse monster(s)
 61502 | Depths:4 | XOM: scenery: create altars
 61666 | Depths:4 | XOM: divination: detect items
 61670 | Depths:4 | Cast into level 4 of the Abyss (Jory)
 61670 | Abyss:4  | Found a corrupted altar of Lugonu.
 61694 | Depths:4 | Escaped the Abyss
 61696 | Depths:4 | XOM: god gift: 35 gold pieces
 61708 | Depths:4 | Killed Jory
 61827 | Depths:5 | Entered Level 5 of the Depths
 61851 | Depths:5 | XOM: god gift: great sword {god gift}
 61975 | Depths:5 | Found a gate to the Realm of Zot.
 61986 | Depths:5 | XOM: polymorph green draconian -> ice dragon
 62006 | Depths:5 | XOM: polymorph ice dragon -> great orb of eyes
 62009 | Depths:5 | XOM: divination: detect items
 62059 | Depths:5 | XOM: enchant monster (good)
 62191 | Depths:4 | XOM: cloud trail
 62425 | Depths:4 | XOM: mild Air miscast
 62495 | Depths:4 | XOM: god gift: 2 potions of heal wounds
 62513 | Depths:5 | XOM: divination: magic mapping
 62554 | Depths:5 | XOM: confuse monster(s)
 62561 | Depths:5 | XOM: summons 2 friendly demons
 62563 | Depths:5 | XOM: summons 6 friendly demons
 62601 | Depths:5 | XOM: divination: magic mapping
 62607 | Depths:5 | XOM: cast spell 'Summon Hydra'
 62646 | Depths:5 | XOM: summons 6 friendly demons
 62649 | Depths:5 | XOM: blink monster(s)
 62935 | Depths:5 | XOM: confuse monster(s)
 62984 | Depths:5 | Reached skill level 10 in Shields
 63021 | Depths:5 | XOM: swap monsters
 63036 | Depths:5 | XOM: enchant monster (good)
 63268 | Depths:5 | XOM: harmless Tmut miscast
 63436 | Depths:5 | XOM: 5-stop teleportation journey
 63448 | Depths:5 | XOM: noise
 63525 | Depths:5 | XOM: harmless Ice miscast
 63599 | Depths:5 | XOM: summons 9 hostile demons
 63632 | Depths:5 | XOM: harmless Erth miscast
 63720 | Depths:5 | Reached skill level 10 in Spellcasting
 63837 | Depths:5 | XOM: god gift: great mace {god gift}
 63858 | Depths:5 | Voluntarily entered the Abyss.
 63918 | Abyss:1  | XOM: cloud trail
 64012 | Abyss:1  | XOM: harmless Ice miscast
 64309 | Abyss:1  | XOM: harmless Tloc miscast
 64312 | Abyss:1  | XOM: fake destruction
 64315 | Abyss:1  | XOM: god gift: potion of heal wounds
 64406 | Abyss:1  | XOM: noise
 64467 | Abyss:1  | XOM: noise
 64475 | Abyss:1  | Found an opulent altar of Gozag.
 64585 | Abyss:1  | XOM: noise
 64587 | Abyss:1  | Reached skill level 10 in Dodging
 64593 | Abyss:1  | XOM: harmless Chrm miscast
 64609 | Abyss:1  | Reached skill level 10 in Charms
 64633 | Abyss:1  | XOM: scenery: create altars
 64656 | Abyss:1  | Found a corrupted altar of Lugonu.
 64706 | Abyss:1  | Reached XP level 26. HP: 147/182 MP: 29/37
 64780 | Abyss:1  | XOM: give mutations
 64780 | Abyss:1  | Gained mutation: You have a pair of small horns on your head. [Xom's grace]
 64780 | Abyss:1  | Lost mutation: You evolve. [Xom's grace]
 64780 | Abyss:1  | Gained mutation: You are somewhat resistant to further mutation. [Xom's grace]
 64780 | Abyss:1  | Gained mutation: Your flesh is heat resistant. (rF+) [Xom's grace]
 64780 | Abyss:1  | Gained mutation: You passively map a small area around you. [Xom's grace]
 64831 | Abyss:2  | Found a corrupted altar of Lugonu.
 64877 | Abyss:2  | XOM: summons friendly iron imp
 64929 | Abyss:2  | XOM: scenery: create altars
 64945 | Abyss:2  | XOM: cloud trail
 64948 | Abyss:2  | XOM: scenery: create altars
 65036 | Abyss:2  | Found a shimmering altar of Xom.
 65050 | Abyss:2  | XOM: confuse monster(s)
 65128 | Abyss:2  | Found a shimmering altar of Xom.
 65128 | Abyss:2  | Found a shimmering altar of Xom.
 65152 | Abyss:2  | XOM: give mutations
 65152 | Abyss:2  | Lost mutation: You are partially covered in rugged brown scales. (AC +1, +3% HP) [Xom's mischief]
 65152 | Abyss:2  | Lost mutation: You are very agile. (Dex +4) [Xom's mischief]
 65152 | Abyss:2  | Lost mutation: You are resistant to hostile enchantments. (MR+) [Xom's mischief]
 65152 | Abyss:2  | Lost mutation: You passively map a small area around you. [Xom's mischief]
 65188 | Abyss:2  | XOM: silly message
 65222 | Abyss:2  | Found a shimmering altar of Xom.
 65453 | Abyss:3  | Found a corrupted altar of Lugonu.
 65609 | Abyss:3  | XOM: cloud trail
 65860 | Abyss:3  | XOM: enchant monster (bad)
 65893 | Abyss:3  | XOM: potion effect (brilliance)
 65917 | Abyss:3  | Found a deep blue altar of Sif Muna.
 65962 | Abyss:3  | Found a shimmering altar of Xom.
 65971 | Abyss:3  | Paralysed by accursed screaming for 1 turns
 65987 | Abyss:3  | XOM: potion effect (heal wounds)
 65988 | Abyss:3  | Paralysed by accursed screaming for 2 turns
 65997 | Abyss:3  | XOM: potion effect (haste)
 65997 | Abyss:3  | Paralysed by accursed screaming for 1 turns
 66006 | Abyss:3  | Paralysed by accursed screaming for 1 turns
 66018 | Abyss:3  | XOM: medium Fire miscast
 66205 | Abyss:3  | XOM: give mutation
 66205 | Abyss:3  | Lost mutation: You have a pair of small horns on your head. [Xom's mischief]
 66221 | Abyss:3  | XOM: summons friendly iron imp
 66340 | Abyss:3  | XOM: noise
 66409 | Abyss:3  | Found a corrupted altar of Lugonu.
 66416 | Abyss:3  | Paralysed by accursed screaming for 1 turns
 66470 | Abyss:3  | XOM: divination: detect creatures
 66493 | Abyss:3  | Found a corrupted altar of Lugonu.
 66493 | Abyss:3  | XOM: swap monsters
 66522 | Abyss:3  | Found a corrupted altar of Lugonu.
 66536 | Abyss:3  | Paralysed by accursed screaming for 1 turns
 66541 | Abyss:3  | Paralysed by accursed screaming for 2 turns
 66549 | Abyss:3  | Paralysed by accursed screaming for 1 turns
 66572 | Abyss:3  | Found a glowing golden altar of the Shining One.
 66592 | Abyss:3  | Noticed a juggernaut
 66596 | Abyss:3  | XOM: summons friendly quasit
 66600 | Abyss:3  | a juggernaut changed into a quicksilver dragon
 66600 | Abyss:3  | XOM: polymorph juggernaut -> quicksilver dragon
 66623 | Abyss:3  | Got an abyssal rune of Zot
 66705 | Abyss:3  | Found a corrupted altar of Lugonu.
 66774 | Abyss:3  | XOM: give mutations
 66774 | Abyss:3  | Lost mutation: Your muscles are strong. (Str +2) [Xom's mischief]
 66774 | Abyss:3  | Lost mutation: You have a beak for a mouth. [Xom's mischief]
 66774 | Abyss:3  | Lost mutation: You have sharp fingernails. [Xom's mischief]
 66774 | Abyss:3  | Lost mutation: You are agile. (Dex +2) [Xom's mischief]
 66850 | Abyss:3  | XOM: scenery: 1 doors close
 66856 | Abyss:3  | Paralysed by accursed screaming for 1 turns
 66863 | Abyss:3  | Paralysed by accursed screaming for 2 turns
 66909 | Abyss:3  | Found a corrupted altar of Lugonu.
 67040 | Abyss:3  | XOM: confusion (+ monsters)
 67068 | Abyss:3  | XOM: summons friendly ufetubus
 67079 | Abyss:3  | XOM: noise
 67116 | Abyss:3  | XOM: medium Air miscast
 67365 | Abyss:3  | XOM: cast spell 'Call Canine Familiar'
 67381 | Abyss:3  | XOM: confuse monster(s)
 67400 | Abyss:3  | Gained mutation: You expend magic power (3 MP) to strengthen your wands. [a neqoxec]
 67403 | Abyss:3  | XOM: confusion (+ monsters)
 67403 | Abyss:3  | Gained mutation: Your magical capacity is low. (-10% MP) [a neqoxec]
 67413 | Abyss:3  | XOM: blink monster(s)
 67427 | Abyss:3  | Paralysed by accursed screaming for 1 turns
 67433 | Abyss:3  | XOM: destruction
 67436 | Depths:5 | Escaped the Abyss
 67484 | Depths:5 | XOM: mild Tmut miscast
 67654 | Zot:1    | Entered Level 1 of the Realm of Zot
 67752 | Zot:1    | XOM: silly message
 67914 | Zot:1    | XOM: mild Pois miscast
 68025 | Zot:1    | XOM: harmless Pois miscast
 68026 | Zot:1    | XOM: give mutations
 68026 | Zot:1    | Lost mutation: Your mind is very acute. (Int +4) [Xom's mischief]
 68026 | Zot:1    | Lost mutation: You expend magic power (3 MP) to strengthen your wands. [Xom's mischief]
 68026 | Zot:1    | Gained mutation: Armour fits poorly on your strangely shaped body. [Xom's mischief]
 68259 | Zot:1    | XOM: cleaving
 68418 | Zot:2    | XOM: chaos cloud
 68428 | Zot:2    | XOM: 3-stop teleportation journey
 68440 | Zot:2    | XOM: potion effect (invisibility)
 68453 | Zot:2    | XOM: smoke on damage
 68474 | Zot:2    | Reached XP level 27. HP: 93/184 MP: 6/33
 68756 | Zot:2    | XOM: mild Summ miscast
 68795 | Zot:3    | XOM: cast spell 'Summon Ice Beast'
 68805 | Zot:3    | XOM: divination: magic mapping
 68809 | Zot:3    | XOM: cast spell 'Summon Small Mammal'
 68812 | Zot:3    | Slain by a death cob

Skill      XL: |  1  2  3  4  5  6  7  8  9 10 11 12 13 14 15 16 17 18 19 20 21 22 23 24 25 26 |
---------------+-------------------------------------------------------------------------------+-----
Maces & Flails | 3 4 5 6 7 9 11 13 15 16 17 18 19 20 21 22 23 | 23.7
Fighting       | 4 7 9 11 13 14 15 17 18 19 20 21 | 21.8
Armour         | 4 7 9 11 13 14 16 17 18 19 20 21 | 21.7
Shields        | 4 5 6 7 9 10 11 | 11.8
Evocations     | 4 6 7 8 9 10 11 12 | 12.0
Dodging        | 4 5 6 7 8 9 10 | 10.9
Charms         | 4 5 7 8 9 10 | 10.0
Spellcasting   | 4 5 7 8 9 10 | 10.0
Necromancy     | 2 4 5 6 7 8 9 |  9.8

Action                   |  1- 3 |  4- 6 |  7- 9 | 10-12 | 13-15 | 16-18 | 19-21 | 22-24 | 25-27 || total
-------------------------+-------+-------+-------+-------+-------+-------+-------+-------+-------++-------
Melee: Flail             |   151 |   119 |    77 |   550 |  1203 |  1263 |  1862 |  1660 |  1528 ||  8413
       Mace              |       |    90 |   231 |       |       |       |       |       |       ||   321
       Peck              |       |       |       |    93 |   323 |   424 |   564 |   620 |   426 ||  2450
       Headbutt          |       |       |       |       |    62 |   213 |       |       |    97 ||   372
       Unarmed           |       |       |       |       |       |    10 |       |       |       ||    10
       Kick              |       |       |       |       |       |       |       |   309 |   876 ||  1185
 Cast: Infusion          |       |       |       |       |       |       |       |     9 |     5 ||    14
       Shroud of Golubri |       |       |       |       |       |       |       |    10 |     6 ||    16
       Song of Slaying   |       |       |       |       |       |       |       |     2 |     3 ||     5
       Regeneration      |       |       |       |       |       |       |       |       |    28 ||    28
       Swiftness         |       |       |       |       |       |       |       |       |     1 ||     1
 Abil: Fly               |       |       |       |       |     2 |       |       |       |       ||     2
       Blink             |       |       |       |       |     1 |       |       |       |       ||     1
       Stop Flying       |       |       |       |       |     1 |       |       |       |       ||     1
Evoke: Wand              |       |       |       |       |     1 |       |    10 |     5 |     3 ||    19
       Phantom mirror    |       |       |       |       |       |       |     1 |       |       ||     1
  Use: Scroll            |       |     6 |       |    18 |     9 |     4 |     7 |    11 |    13 ||    68
       Potion            |       |       |       |     1 |     5 |     8 |     7 |     1 |    13 ||    35
 Stab: Petrified         |       |       |       |     4 |     6 |     7 |     1 |     3 |       ||    21
       Confused          |       |       |       |     4 |     7 |    16 |    10 |     6 |     7 ||    50
       Invisible         |       |       |       |     1 |       |       |     6 |       |    16 ||    23
       Petrifying        |       |       |       |     1 |     1 |       |     2 |       |       ||     4
       Distracted        |       |       |       |       |     2 |     7 |     1 |     5 |     2 ||    17
       Paralysed         |       |       |       |       |       |     1 |     1 |       |       ||     2
       Sleeping          |       |       |       |       |       |     1 |       |     1 |     1 ||     3
  Eat: Chunk             |     1 |    10 |     5 |    21 |    34 |    13 |    32 |    28 |    12 ||   156
       Ration            |       |       |     1 |     1 |     2 |     4 |     6 |     1 |     5 ||    20
Armor: Scale mail        |     6 |       |       |       |       |       |       |       |       ||     6
       Plate armour      |   132 |   236 |   328 |   112 |       |       |       |       |       ||   808
       Ice dragon scales |       |       |       |   154 |   576 |   707 |  1013 |   845 |   817 ||  4112
Dodge: Dodged            |    75 |    64 |    90 |   132 |   332 |   356 |   743 |   785 |  1019 ||  3596
Block: Shield            |     1 |       |       |       |       |       |       |     3 |       ||     4
       Buckler           |       |       |    78 |    98 |   363 |   405 |   645 |   741 |   928 ||  3258
       Reflection        |       |       |       |       |       |       |    36 |    25 |       ||    61
